 Dungeon Crawl Stone Soup version 0.28-a0-909-g796cbd3a86 (webtiles) character file.

Game seed: 4778537871265634690

455931 mainiacjoe the Eclecticist (level 25, -36/228 (235) HPs)
             Began as a Djinni Air Elementalist on Nov 23, 2021.
             Was the Champion of Makhleb.
             Killed from afar by a tengu reaver (64 damage)
             ... with a bolt of acid
             ... on level 1 of the Depths on Nov 24, 2021.
             The game lasted 05:25:46 (65934 turns).

mainiacjoe the Eclecticist (DjAE)                  Turns: 65934, Time: 05:25:48

HP:   -36/228 (235) AC: 33    Str: 11    XL:     25   Next: 59%
Gold: 2806          EV: 24    Int: 25    God:    Makhleb [******] SH: 20 Dex: 14

rFire   + + +      SeeInvis +   b - staff of conjuration {!a}
rCold   + + .      Faith    .   H - +2 shield of Resistance {rF++ rC++ Will++}
rNeg    + . .      Spirit   .   (armour currently unavailable)
rPois   ∞          Reflect  +   h - +2 helmet {SInv}
rElec   +          Harm     .   V - scarf {shadows}
rCorr   .          Rampage  .   (gloves currently unavailable)
Will    ++++.                   (boots unavailable)
Stlth   ++++......              E - amulet of reflection
HPRegen 0.48/turn               f - +4 ring of evasion
MPRegen 0.00/turn               L - ring of Cotyxoweu {rPois rC+ Str+3 Dex-3 Slay+4}

@: about to teleport, statue-form, unable to drink, flying, studying 3 skills,
lightly drained, very slow
A: slow and powerful, torment resistance 1, flying, boosted hp, sickness
immunity, fire resistance 2, cold vulnerability 1, float, innate caster, hp
casting, extra vitality 1
}: 2/15 runes: decaying, serpentine
a: End Transformation, Renounce Religion, Minor Destruction, Lesser Servant of
Makhleb, Major Destruction, Greater Servant of Makhleb


You were on level 1 of the Depths.
You worshipped Makhleb.
Makhleb was exalted by your worship.
You were a living statue of rough stone.
You visited 10 branches of the dungeon, and saw 43 of its levels.
You also visited: Sewer, Ice Cave and Volcano.

You collected 7076 gold pieces.
You spent 4270 gold pieces at shops.

Inventory:

Hand Weapons
 a - the +8 Vampire's Tooth {vamp}
   (You took it off a deep elf elementalist on level 3 of the Elven Halls)

   It occasionally heals its wielder for the full amount of damage dealt when it
   wounds a living foe.
 w - the +8 broad axe of Voocveh {antimagic, rPois rC+ rN+ Int+4}
   (You bought it in a shop on level 3 of the Vaults)

   It reduces the magical energy of the wielder, and disrupts the spells and
   magical abilities of those it strikes.
   Natural abilities and divine invocations are not affected.
   Int:       It affects your intelligence (+4).
   rC:        It protects you from cold.
   rPois:     It protects you from poison.
   rN:        It protects you from negative energy.
Missiles
 x - 9 boomerangs (quivered)
 O - 2 atropa-tipped darts {=F}
 T - 2 boomerangs of dispersal {=F}
 W - 4 silver javelins
 X - 5 throwing nets {=F}
Armour
 c - the +1 pair of gloves of the Blessed Realm (melded) {Str+6}
   (You found it on level 3 of the Elven Halls)

   Str:       It affects your strength (+6).
 h - a +2 helmet of see invisible (worn)
 i - the +5 scale mail of the Northern Lights (melded) {Regen+ rCorr Dex+4 SInv}
   (You bought it in a shop on level 3 of the Elven Halls)

   Dex:       It affects your dexterity (+4).
   SInv:      It lets you see invisible.
   Regen:     It increases your rate of health regeneration.
   rCorr:     It protects you from acid and corrosion.
 H - the +2 shield of Resistance (worn) {rF++ rC++ Will++}
   (You acquired it on level 2 of the Orcish Mines)

   rF:        It greatly protects you from fire.
   rC:        It greatly protects you from cold.
   Will:      It greatly increases your willpower.
 V - a scarf of shadows (worn)
Magical Staves
 b - a staff of conjuration (weapon) {!a}
 y - a staff of death
Jewellery
 f - a +4 ring of evasion (left fist)
 u - a +4 ring of protection
 E - an amulet of reflection (around neck)
 L - the ring of Cotyxoweu (right fist) {rPois rC+ Str+3 Dex-3 Slay+4}
   (You found it on level 1 of the Vaults)

   [ring of slaying]

   Str:       It affects your strength (+3).
   Dex:       It affects your dexterity (-3).
   Slay:      It affects your accuracy & damage with ranged weapons and melee
   (+4).
   rC:        It protects you from cold.
   rPois:     It protects you from poison.
Wands
 d - a wand of digging (6)
 B - a wand of iceblast (28)
 C - a wand of polymorph (33)
 F - a wand of flame (87)
 G - a wand of mindburst (29)
 M - a wand of charming (17)
 Q - a wand of acid (34)
 R - a wand of paralysis (15)
Scrolls
 k - 6 scrolls of summoning
 m - 6 scrolls of immolation
 o - a scroll of silence
 r - 5 scrolls of fear
 t - 6 scrolls of vulnerability
 A - 12 scrolls of teleportation
 I - 7 scrolls of fog
 J - 3 scrolls of magic mapping
 K - 4 scrolls of enchant armour
Potions
 e - 15 potions of ambrosia
 g - 2 potions of cancellation
 j - 6 potions of berserk rage
 l - 10 potions of lignification
 n - 26 potions of curing
 p - 7 potions of attraction
 q - 9 potions of heal wounds
 s - 6 potions of might
 v - 2 potions of resistance
 z - 5 potions of invisibility
 D - 10 potions of haste
 N - 3 potions of brilliance
 S - 12 potions of mutation
Miscellaneous
 P - a box of beasts
 U - a tin of tremorstones (2/2)
 Y - a lightning rod (4/4)
 Z - a condenser vane


   Skills:
 + Level 15.9 Fighting
 - Level 8.3 Short Blades
 + Level 12.1 Axes
 + Level 16.0 Dodging
 - Level 10.0 Stealth
 - Level 15.0 Shields
 + Level 20.0 Spellcasting
 - Level 15.0 Invocations
 - Level 10.0 Evocations


You couldn't memorise any spells.
You knew the following spells:

 Your Spells              Type           Power      Damage    Failure   Level
a - Ozocubu's Refrigerat  Ice            45%        4d14      1%          7
b - Statue Form           Tmut/Erth      60%        N/A       1%          6
c - Iron Shot             Conj/Erth      56%        9d11      1%          6
d - Agony                 Necr           90%        N/A       0%          5
e - Airstrike             Air            45%        N/A       0%          4
f - Cause Fear            Hex            45%        N/A       0%          4
g - Lesser Beckoning      Tloc           90%        N/A       0%          3
h - Ensorcelled Hibernat  Hex/Ice        100%       N/A       0%          2
i - Storm Form            Tmut/Air       45%        N/A       1%          7
j - Static Discharge      Conj/Air       100%       N/A       0%          2
k - Summon Horrible Thin  Summ           45%        N/A       3%          8
l - Death's Door          Necr           45%        N/A       43%         9
m - Summon Small Mammal   Summ           100%       N/A       0%          1
w - Swiftness             Air            90%        N/A       0%          3
x - Shock                 Conj/Air       100%       1d9       0%          1
z - Freezing Cloud        Conj/Ice/Air   56%        6-21      0%          5
Your spell library was empty.

Dungeon Overview and Level Annotations

Branches:
Dungeon (15/15)            Temple (1/1) D:6            Lair (6/6) D:9
  Swamp (4/4) Lair:2        Snake (4/4) Lair:2        Slime (0/5) Lair:5
    Orc (2/2) D:10            Elf (3/3) Orc:2        Vaults (4/5) D:13
  Crypt (3/3) Vaults:3       Tomb (0/3) Crypt:3      Depths (1/4) D:15
  Sewer (visited)           IceCv (visited)         Volcano (visited)

Altars:
Ashenzari
Cheibriados
Dithmenos
Elyvilon
Fedhas
Gozag
Hepliaklqana
Kikubaaqudgha
Makhleb
Nemelex Xobeh
Okawaru
Qazlal
Ru
Sif Muna
Trog
Uskayaw
Vehumet
Wu Jian
Xom
Yredelemnul
Zin
The Shining One
Beogh
Jiyva
Lugonu

Shops:
Orc:1 *?   Orc:2 ?=?[?   Elf:3 (*[:[   Vaults:3 (

Portals:
Abyss: Lair:6
Pandemonium: Orc:2

Annotations:
Vaults:1 2 transporters, Qanuace's ghost, veteran DsFi


Innate Abilities, Weirdness & Mutations

You are a living statue of rough stone.
Your actions are slow, but your melee attacks are powerful.
You are resistant to unholy torment.
You are flying.
Your maximum health is greatly increased.
Your equipment is partially melded.
You are immune to sickness and miasma.
You are immune to poison.
Your flesh is very heat resistant. (rF++)
You are vulnerable to cold. (rC-)
You float through the air rather than walking.
You learn spells naturally, not from books.
Your magical power is your life essence.
You have superior vitality. (+4 HP)


Message History

You feel better. The tengu reaver casts a spell at you.
The bolt of negative energy hits you but does no damage.
You partially resist. The tengu reaver casts a spell at you.
The bolt of negative energy misses you.
Casting: Iron Shot (safe; 1% risk of failure)
Confirm with . or Enter, or press ? or * to list all spells.
Aiming: Iron Shot (safe; 1% risk of failure)
Press: ? - help, Shift-Dir - straight line, f - tengu reaver
Aim: a tengu reaver, wielding a +1 long sword of protection, wearing a +2 scale mail of cold resistance and wearing a +0 buckler (moderately wounded, 63% to hit)
You feel a surge of power!
The iron shot hits the tengu reaver!!!
The tengu reaver is almost dead.
A necromancer comes into view. It is wielding a +0 spear.
Unknown command.
Casting: Iron Shot (safe; 1% risk of failure)
Confirm with . or Enter, or press ? or * to list all spells.
Aiming: Iron Shot (safe; 1% risk of failure)
Press: ? - help, Shift-Dir - straight line, f/p - tengu reaver
Aim: a tengu reaver, wielding a +1 long sword of protection, wearing a +2 scale mail of cold resistance and wearing a +0 buckler (severely wounded, 63% to hit)
You feel a surge of power!
The iron shot misses the tengu reaver.
The iron shot hits the stone giant!!!
The stone giant is heavily wounded.
The tengu reaver completely misses you. The tengu reaver pecks you.
* * * LOW HITPOINT WARNING * * *
The tengu reaver claws you.
* * * LOW HITPOINT WARNING * * *
The necromancer gestures wildly while chanting.
The necromancer binds the souls of nearby monsters.
The tengu reaver points at you and mumbles some strange words.
The bolt of acid hits you!!!
* * * LOW HITPOINT WARNING * * *
Unknown command.
As you read the scroll of teleportation, it crumbles to dust.
You feel strangely unstable.
The necromancer casts a spell.
The necromancer binds the souls of nearby monsters.
The tengu reaver gestures at you while chanting.
The bolt of acid hits you!!!
You die...

#))†## #....##..
#####[†#.#####.#......
+....p).....##.##.....
#####..###.>##.######.
#..# #.##.# . #..#
#.##.## #C## #.....#
#Q#####.##..#####
#8......##......+
##########..##### ####


You could see a stone giant (soul bound), a tengu reaver (soul bound) and a
necromancer.

Vanquished Creatures
  2 dread liches
  Khufu (Crypt:1)
  An ancient lich (Crypt:2)
  Mara (Crypt:1)
  2 royal mummies (Crypt:1)
  Bai Suzhen (Snake:3)
  the Lernaean hydra (Swamp:4)
  A caustic shrike (Depths:1)
  The ghost of Woadakig the Executioner, a veteran FoFi of Dithmenos (Crypt:2)
  The ghost of Naexzyxton the Phalangite, a veteran MfWn of Elyvilon (Crypt:2)
  A bone dragon (Crypt:3)
  5 tentacled monstrosities
  The ghost of Mimusiah the Slayer, an adept HOFi of Hepliaklqana (Snake:2)
  Mlioglotl (Snake:3)
  3 liches
  Rupert (D:13)
  2 deep elf blademasters
  2 deep elf master archers (Elf:3)
  Asterion (Vaults:1)
  4 ancient champions
  2 quicksilver dragons
  The ghost of frimble the Grappler, an adept TrWr of Cheibriados (Elf:3)
  3 sphinxes
  2 shadow dragons (D:15)
  3 nagarajas
  Kirke (D:15)
  3 tengu reavers
  3 fenstrider witches
  2 revenants
  Roxanne (Snake:3)
  2 fire giants
  11 deep elf sorcerers
  The ghost of porpoise the Eclecticist, an adept DECj of Vehumet (Swamp:2)
  2 frost giants (Depths:1)
  An orc warlord (Vaults:3)
  10 vault wardens
  2 cacodemons (Elf:3)
  11 deep elf elementalists (Elf:3)
  Aizul (Snake:2)
  5 ghouls
  2 curse skulls
  4 war gargoyles (Crypt:3)
  A reaper (IceCv)
  14 ironbound preservers
  8 very ugly things
  4 stone giants
  7 vampire knights
  2 deep elf demonologists (Elf:3)
  2 deep elf annihilators (Elf:3)
  Azrael (Orc:2)
  7 dire elephants
  8 bunyips
  Snorg (D:14)
  An eidolon (Crypt:2)
  5 ettins
  Josephine (D:11)
  2 fire dragons
  2 quicksilver dragon zombies (Crypt:3)
  6 deep elf death magi
  A fire dragon (shapeshifter) (Vaults:3)
  A great orb of eyes (shapeshifter) (Depths:1)
  7 eleionomae
  12 yaktaur captains
  6 jiangshi
  3 crystal guardians (Crypt:3)
  5 vault guards
  4 shambling mangroves
  9 deep elf high priests
  3 ironbound thunderhulks
  3 great orbs of eyes
  2 ice dragons
  11 ironbound frosthearts
  Harold (D:10)
  6 naga warriors
  2 demonspawn (Orc:2)
  4 boulder beetles
  A rakshasa (D:15)
  2 salamander tyrants
  18 hydras
  9 anacondas
  3 ghost crabs
  10 two-headed ogres
  A spriggan air mage (Depths:1)
  9 centaur warriors
  4 death knights
  28 dancing weapons
  14 alligators
  6 deep troll earth magi
  The ghost of willcat the Protected, a novice DgAE (Orc:1)
  17 slime creatures
  8 orc high priests (Orc:2)
  3 vampire magi
  9 shock serpents
  A spriggan berserker (Depths:1)
  A tengu warrior (Depths:1)
  4 thrashing horrors (Lair:6)
  7 naga sharpshooters
  A soul eater (Crypt:2)
  17 deep elf knights
  A titan zombie (Crypt:3)
  Nergalle (D:11)
  6 hell knights (Crypt:3)
  A sixfirhy (Orc:2)
  A shadow wraith (Crypt:2)
  6 goliath frogs
  7 salamander mystics
  28 skeletal warriors
  2 iron trolls (Depths:1)
  2 spriggan druids
  39 deep trolls
  8 swamp dragons
  4 glowing orange brains
  5 flayed ghosts
  A golden dragon zombie (Crypt:3)
  3 naga ritualists
  17 bog bodies
  11 deep elf archers
  8 phantasmal warriors
  11 wizards
  2 shadow dragon zombies (Crypt:2)
  10 lindwurms
  6 necromancers (Crypt:3)
  14 ironbound convokers
  29 deep elf pyromancers
  7 orc knights
  16 mana vipers
  27 deep elf zephyrmancers
  7 harpies
  A frost giant zombie (Crypt:2)
  4 orc sorcerers
  A will-o-the-wisp (Swamp:1)
  31 ugly things
  7 cyclopes
  2 manticores
  A moth of wrath (shapeshifter) (D:15)
  3 elephants (Lair:6)
  An eleionoma skeleton (Crypt:1)
  30 salamanders
  36 black mambas
  Maurice (D:9)
  15 naga magi
  7 guardian serpents
  2 rust devils (Orc:2)
  A torpor snail (shapeshifter) (Vaults:3)
  18 vault sentinels
  An ice statue (IceCv)
  15 cane toads
  A smoke demon (Lair:6)
  2 gargoyles
  A dire elephant skeleton (Crypt:3)
  A torpor snail (Lair:2)
  Psyche (D:10)
  2 rime drakes
  An ice devil (IceCv)
  A komodo dragon (shapeshifter) (Elf:1)
  33 yaktaurs
  10 freezing wraiths
  An anaconda simulacrum (Snake:2)
  17 komodo dragons
  A hellwing (Orc:2)
  7 trolls
  2 ancient zymes (Lair:6)
  2 harpy zombies (Crypt:3)
  A queen bee (D:15)
  11 tyrant leeches
  9 meliai
  2 bloated husks (Swamp:1)
  12 hornets
  4 polar bears
  A blink frog (shapeshifter) (D:15)
  An alligator zombie (Crypt:2)
  7 dream sheep (Lair:4)
  33 blink frogs
  A shock serpent simulacrum (Snake:2)
  34 flying skulls (Crypt:3)
  10 spriggans
  A spectral black mamba (Snake:2)
  2 vampires (D:13)
  10 wraiths
  An air elemental (Elf:3)
  A salamander simulacrum (Snake:2)
  2 water elementals
  32 yaks
  2 shadows
  A human (D:15)
  6 fire bats (Volcano)
  2 ynoxinuls (Lair:6)
  8 basilisks
  2 hogs
  The ghost of ThanksArdit the Slasher, an amateur MiGl (D:4)
  Grum (D:11)
  9 wyverns
  5 fire elementals
  2 large abominations (Lair:6)
  Eustachio (D:5)
  A fire bat (shapeshifter) (Lair:6)
  26 vampire mosquitoes
  2 chaos spawn (Lair:6)
  3 steam dragons
  5 death yak simulacra
  A steam dragon (shapeshifter) (Elf:3)
  Edmund (D:6)
  16 swamp worms
  2 wargs (Orc:2)
  34 nagas
  An acid dragon (D:9)
  28 water moccasins
  5 hell hounds
  A two-headed ogre skeleton (Crypt:1)
  32 orc warriors
  8 swamp drakes
  An ice beast (shapeshifter) (Elf:3)
  A sky beast (D:5)
  3 black mamba simulacra (Snake:2)
  15 wolves
  A black bear (Lair:4)
  5 necrophages (Crypt:3)
  13 ogres
  A hornet zombie (D:9)
  8 small abominations (Lair:6)
  11 centaurs
  A torpor snail zombie (Crypt:1)
  A phantom (D:6)
  A bullfrog (shapeshifter) (Elf:3)
  2 kobold brigands
  3 earth elementals
  2 gnoll sergeants
  9 bullfrogs
  A cane toad simulacrum (IceCv)
  A palentonga skeleton (Crypt:1)
  2 scorpions
  A scorpion (shapeshifter) (Elf:3)
  2 water moccasin zombies
  5 two-headed ogre simulacra
  A troll zombie (Crypt:2)
  A yak zombie (Crypt:1)
  3 elephant simulacra (IceCv)
  27 killer bees
  5 wights
  3 howler monkeys
  3 electric eels
  A polar bear skeleton (Crypt:2)
  6 centaur zombies
  A bullfrog zombie (Crypt:2)
  4 hounds
  A hound (shapeshifter) (Elf:3)
  23 orc priests
  Crazy Yiuf (D:5)
  2 centaur skeletons
  A human skeleton (Crypt:1)
  Jessica (D:2)
  5 iguanas
  16 orc wizards
  4 hell rats (Lair:4)
  A statue (D:9)
  13 spriggan simulacra
  A troll simulacrum (IceCv)
  4 polar bear simulacra
  3 wolf simulacra (IceCv)
  A felid zombie (Crypt:2)
  An ogre zombie (Crypt:2)
  A mummy (Crypt:1)
  2 howler monkey zombies
  10 gnolls
  21 adders
  15 naga simulacra
  2 white imps
  5 ufetubi
  An adder skeleton (D:4)
  A worm (shapeshifter) (Elf:3)
  2 dart slugs
  85 orcs
  An orc (shapeshifter) (Elf:3)
  A bat (shapeshifter) (Elf:3)
  15 endoplasms
  A giant cockroach (shapeshifter) (Elf:3)
  10 giant cockroaches
  7 goblins
  4 hobgoblins
  4 jackals
  24 kobolds
  10 quokkas
  19 ball pythons
  2 bats (D:2)
  6 frilled lizards
  A frilled lizard (shapeshifter) (Elf:3)
  A jackal skeleton (Crypt:1)
  8 rats
  A butterfly (Lair:4)
1836 creatures vanquished.

Vanquished Creatures (collateral kills)
  An ancient champion (Crypt:1)
  3 orc warriors (Orc:2)
  An ogre (Orc:2)
  A salamander skeleton (Crypt:1)
  An orc priest (Orc:2)
  2 orc wizards (Orc:2)
  4 orcs (Orc:2)
13 creatures vanquished.

Vanquished Creatures (others)
  An ugly thing (Vaults:2)
  A deep elf pyromancer (D:15)
  A spectral shock serpent (Snake:2)
  3 humans (D:15)
  A bush (Swamp:4)
  2 foxfires (Swamp:1)
  53 fungi
  150 plants
212 creatures vanquished.

Grand Total: 2061 creatures vanquished

Notes
Turn   | Place    | Note
-------+----------+-------------------------------------------
     0 | D:1      | mainiacjoe the Djinni Air Elementalist began the quest for
                  | the Orb.
     0 | D:1      | Reached XP level 1. HP: 15/15 MP: 0/0
   304 | D:1      | Reached XP level 2. HP: 19/21 MP: 0/0
   633 | D:1      | Reached XP level 3. HP: 22/25 MP: 0/0
   633 | D:1      | Learned a level 1 spell: Summon Small Mammal
  1550 | D:2      | Found a faded altar of an unknown god.
  1653 | D:2      | Reached skill level 3 in Spellcasting
  1757 | D:2      | Noticed Jessica
  1767 | D:2      | Killed Jessica
  1768 | D:2      | Reached XP level 4. HP: 20/31 MP: 0/0
  2920 | D:3      | Reached XP level 5. HP: 35/35 MP: 0/0
  2920 | D:3      | Learned a level 2 spell: Ensorcelled Hibernation
  4291 | D:4      | Reached XP level 6. HP: 33/40 MP: 0/0
  4612 | D:4      | Found a runed translucent door.
  4613 | D:4      | Noticed ThanksArdit's ghost (amateur MiGl)
  4693 | D:4      | Reached skill level 4 in Spellcasting
  4852 | D:4      | Found a stormy altar of Qazlal.
  4972 | D:5      | Entered Level 5 of the Dungeon
  5047 | D:5      | Noticed Eustachio
  5075 | D:5      | Killed Eustachio
  5076 | D:5      | Reached XP level 7. HP: 8/45 MP: 0/0
  5076 | D:5      | Learned a level 3 spell: Lesser Beckoning
  5726 | D:5      | Reached skill level 5 in Spellcasting
  5861 | D:5      | Found a basalt altar of Yredelemnul.
  5920 | D:5      | Reached skill level 5 in Dodging
  5920 | D:5      | Reached XP level 8. HP: 37/50 MP: 0/0
  5998 | D:5      | Noticed a two-headed ogre
  6009 | D:5      | Killed a two-headed ogre
  6010 | D:5      | Reached skill level 6 in Spellcasting
  6544 | D:5      | Found a runed translucent door.
  6547 | D:5      | Noticed Crazy Yiuf
  6551 | D:5      | Identified the +7 mace of Baatugom {vorpal, Will+}
  6561 | D:5      | Identified the +8 mace of Ciggu {vorpal, rPois rN+ Str+2
                  | SInv}
  6591 | D:5      | Killed Crazy Yiuf
  6592 | D:5      | Reached XP level 9. HP: 32/55 MP: 0/0
  6592 | D:5      | Learned a level 4 spell: Cause Fear
  6886 | D:6      | Reached skill level 5 in Stealth
  6890 | D:6      | Found a glowing drain.
  6909 | Sewer    | Entered a sewer
  7511 | D:6      | Found a staircase to the Ecumenical Temple.
  7516 | Temple   | Entered the Ecumenical Temple
  7730 | D:6      | Found a white marble altar of Elyvilon.
  7818 | D:6      | Noticed Edmund
  7842 | D:6      | Killed Edmund
  8047 | D:6      | Found a hide-covered altar of Uskayaw.
  8264 | D:6      | Noticed a cyclops
  8750 | D:7      | Reached skill level 7 in Spellcasting
  8844 | D:7      | Noticed a boulder beetle
 10047 | D:8      | Noticed a manticore
 10053 | D:8      | Killed a manticore
 10054 | D:8      | Reached skill level 1 in Fighting
 10054 | D:8      | Reached XP level 10. HP: 31/63 MP: 0/0
 11129 | D:9      | Reached skill level 8 in Spellcasting
 11132 | D:9      | Noticed a two-headed ogre
 11355 | D:9      | Killed a two-headed ogre
 11993 | D:9      | Noticed Maurice
 12003 | D:9      | Killed Maurice
 12278 | D:9      | Reached XP level 11. HP: 68/73 MP: 0/0
 12278 | D:9      | Learned a level 5 spell: Agony
 12395 | D:9      | Reached skill level 9 in Spellcasting
 12539 | D:9      | You are sucked into a shaft and drop 1 floor!
 12539 | D:10     | Entered Level 10 of the Dungeon
 12626 | D:10     | Noticed a two-headed ogre
 12630 | D:10     | Reached skill level 5 in Fighting
 12640 | D:10     | Killed a two-headed ogre
 12974 | D:10     | Found a staircase to the Orcish Mines.
 12976 | D:10     | Found a broken altar of Ashenzari.
 12979 | D:10     | Found a sacrificial altar of Ru.
 12980 | D:10     | Found a shimmering altar of Xom.
 12981 | D:10     | Found a burning altar of Makhleb.
 12981 | D:10     | Found an ornate altar of the Wu Jian Council.
 13000 | D:10     | Became a worshipper of Makhleb the Destroyer
 13850 | D:9      | Found a staircase to the Lair.
 14085 | D:10     | Found a snail-covered altar of Cheibriados.
 14371 | D:10     | Noticed Psyche
 14371 | D:10     | Noticed Harold
 14377 | D:10     | Killed Psyche
 14623 | D:10     | Killed Harold
 14624 | D:10     | Reached skill level 10 in Dodging
 15201 | D:10     | Reached XP level 12. HP: 94/94 MP: 0/0
 15202 | D:10     | Reached XP level 13. HP: 99/99 MP: 0/0
 15202 | D:10     | Learned a level 5 spell: Freezing Cloud
 15309 | Lair:1   | Entered Level 1 of the Lair of Beasts
 16008 | Lair:2   | Reached skill level 10 in Spellcasting
 16097 | Lair:2   | Reached * piety under Makhleb
 16105 | Lair:2   | Reached XP level 14. HP: 72/105 MP: 0/0
 17085 | Lair:2   | Reached skill level 11 in Spellcasting
 17246 | Lair:2   | Reached ** piety under Makhleb
 17807 | Lair:2   | Found a staircase to the Snake Pit.
 17961 | Lair:2   | Found a staircase to the Swamp.
 17969 | Lair:2   | Found a bloodstained altar of Trog.
 20112 | Lair:4   | Reached *** piety under Makhleb
 20402 | Lair:4   | Found a shimmering altar of Xom.
 20616 | Lair:4   | Reached skill level 12 in Spellcasting
 20958 | Lair:4   | Reached skill level 1 in Evocations
 21344 | Lair:5   | Found a viscous altar of Jiyva.
 21346 | Lair:5   | Found a staircase to the Slime Pits.
 21773 | Lair:5   | Reached XP level 15. HP: 76/112 MP: 0/0
 21773 | Lair:5   | Learned a level 6 spell: Iron Shot
 22127 | Lair:5   | Reached **** piety under Makhleb
 22151 | Lair:5   | Reached skill level 5 in Evocations
 22768 | Lair:6   | Entered Level 6 of the Lair of Beasts
 22893 | Lair:6   | Found a dark tunnel.
 22915 | Volcano  | Entered a volcano
 24775 | Lair:6   | Reached skill level 13 in Spellcasting
 24859 | Lair:6   | Reached skill level 1 in Short Blades
 24976 | Lair:6   | Reached ***** piety under Makhleb
 25274 | Lair:6   | Identified the ring of Sloth {Contam Fly rPois rCorr Int+2}
 25776 | Lair:6   | Reached skill level 5 in Short Blades
 26187 | Lair:6   | Found a corrupted altar of Lugonu.
 26187 | Lair:6   | Found a one-way gate to the infinite horrors of the Abyss.
 26487 | Orc:1    | Entered Level 1 of the Orcish Mines
 26503 | Orc:1    | Found a frozen archway.
 26623 | IceCv    | Entered an ice cave
 27253 | IceCv    | Noticed a reaper
 27258 | IceCv    | Reached XP level 16. HP: 118/118 MP: 0/0
 27260 | IceCv    | Reached skill level 1 in Shields
 27376 | IceCv    | Identified the ring of Ebliac {rPois Dex+5}
 28155 | Orc:2    | Entered Level 2 of the Orcish Mines
 28669 | Orc:2    | Found Hiblifaf's Magic Scroll Shop.
 28679 | Orc:2    | Found Isoischo's Magic Scroll Boutique.
 28685 | Orc:2    | Reached ****** piety under Makhleb
 29281 | Orc:2    | Bought a scroll of enchant weapon for 82 gold pieces
 29281 | Orc:2    | Bought a scroll of identify for 22 gold pieces
 29281 | Orc:2    | Bought a scroll of enchant weapon for 82 gold pieces
 29281 | Orc:2    | Bought a scroll of enchant weapon for 82 gold pieces
 29281 | Orc:2    | Bought a scroll of identify for 22 gold pieces
 29289 | Orc:2    | Bought a scroll of noise for 14 gold pieces
 29291 | Orc:2    | Bought a scroll of blinking for 105 gold pieces
 29448 | Orc:2    | Found a staircase to the Elven Halls.
 29928 | Orc:1    | Found a runed translucent gate.
 29928 | Orc:1    | Found a runed translucent gate.
 29928 | Orc:1    | Found a runed translucent gate.
 29928 | Orc:1    | Found Mody's Magic Scroll Boutique.
 29929 | Orc:1    | Found an opulent altar of Gozag.
 29942 | Orc:1    | Noticed willcat's ghost (novice DgAE)
 29943 | Orc:1    | Found Ipasocu's Assorted Antiques.
 29950 | Orc:1    | Killed willcat's ghost
 29980 | Orc:1    | Bought a scroll labelled XAWOFE UTSUDAE for 31 gold pieces
 29980 | Orc:1    | Bought a scroll of enchant weapon for 232 gold pieces
 30679 | Orc:2    | Noticed Azrael
 30686 | Orc:2    | Killed Azrael
 30830 | Orc:2    | Found Pyph's Magic Scroll Emporium.
 31932 | Orc:2    | Found Ude Pini's Antique Armour Emporium.
 31932 | Orc:2    | Found Vannall's Jewellery Shoppe.
 31935 | Orc:2    | Found a one-way gate leading to the halls of Pandemonium.
 32211 | Orc:2    | Bought a scroll of acquirement for 572 gold pieces
 32211 | Orc:2    | Acquired the +2 shield of Resistance {rF++ rC++ Will++}
 32211 | Orc:2    | Found the +2 shield of Resistance {rF++ rC++ Will++}
 32254 | Orc:2    | Bought a scroll of enchant armour for 90 gold pieces
 32254 | Orc:2    | Bought a scroll of enchant armour for 90 gold pieces
 32472 | Lair:5   | Identified the +0 scale mail "Uteasiuf" {rF+}
 32830 | D:11     | Noticed Grum
 32845 | D:11     | Killed Grum
 32904 | D:11     | Noticed Nergalle
 32911 | D:11     | Killed Nergalle
 32964 | D:11     | Identified the +2 leather armour of the Solstice {rN+ rCorr
                  | Dex-3 SInv}
 33055 | D:11     | Noticed Josephine
 33063 | D:11     | Reached skill level 5 in Shields
 33063 | D:11     | Killed Josephine
 33172 | D:11     | Found a shimmering altar of Xom.
 33178 | D:11     | Found a bloodstained altar of Trog.
 33178 | D:11     | Found a hazy altar of Hepliaklqana.
 33241 | D:11     | Found a shadowy altar of Dithmenos.
 33241 | D:11     | Found a sparkling altar of Nemelex Xobeh.
 33241 | D:11     | Found a blossoming altar of Fedhas.
 34676 | D:12     | Found a sacrificial altar of Ru.
 35545 | D:13     | Reached XP level 17. HP: 110/123 MP: 0/0
 35545 | D:13     | Learned a level 7 spell: Storm Form
 35650 | D:13     | Noticed Rupert
 35656 | D:13     | Killed Rupert
 36302 | D:13     | Found a gate to the Vaults.
 36799 | D:14     | Noticed Snorg
 36808 | D:14     | Killed Snorg
 36915 | D:14     | Reached skill level 10 in Shields
 37281 | D:15     | Entered Level 15 of the Dungeon
 37359 | D:15     | Noticed Kirke
 37367 | D:15     | Killed Kirke
 38365 | D:15     | Found a staircase to the Depths.
 38411 | D:15     | Upgraded the game from 0.28-a0-906-g0406aca7d3 to
                  | 0.28-a0-909-g796cbd3a86
 38772 | D:4      | Killed ThanksArdit's ghost
 39033 | Swamp:1  | Entered Level 1 of the Swamp
 39495 | Swamp:1  | Reached XP level 18. HP: 67/130 MP: 0/0
 40321 | Swamp:2  | Found a large runed translucent door.
 40321 | Swamp:2  | Found a large runed translucent door.
 40325 | Swamp:2  | Reached skill level 15 in Shields
 40326 | Swamp:2  | Noticed porpoise's ghost (adept DECj)
 40342 | Swamp:2  | Killed porpoise's ghost
 41389 | Swamp:4  | Entered Level 4 of the Swamp
 42085 | Swamp:4  | Noticed the 27-headed Lernaean hydra
 42091 | Swamp:4  | Killed the 27-headed Lernaean hydra
 42139 | Swamp:4  | Reached XP level 19. HP: 134/139 MP: 0/0
 42139 | Swamp:4  | Learned a level 6 spell: Statue Form
 42149 | Swamp:4  | Got a decaying rune of Zot
 42163 | Swamp:4  | Acquired 1107 gold pieces
 42193 | Swamp:4  | Reached skill level 14 in Spellcasting
 42304 | Swamp:4  | Identified the +6 morningstar of Widuaf {freeze, Will+
                  | Int+3}
 42941 | Elf:1    | Entered Level 1 of the Elven Halls
 43332 | Elf:1    | Identified the +0 robe "Vofo" {+Blink Will+ Str+3}
 43608 | Elf:1    | Reached skill level 15 in Spellcasting
 43784 | Elf:1    | Reached skill level 15 in Fighting
 44707 | Elf:2    | Found a runed translucent gate.
 44707 | Elf:2    | Found a runed translucent gate.
 44708 | Elf:2    | Found a runed translucent gate.
 45362 | Elf:2    | Reached skill level 10 in Invocations
 45362 | Elf:2    | Reached XP level 20. HP: 149/149 MP: 0/0
 45676 | Elf:3    | Entered Level 3 of the Elven Halls
 45676 | Elf:3    | Found Kacip's Armour Shop.
 45677 | Elf:3    | Paralysed by an air elemental for 1 turns
 45680 | Elf:3    | Paralysed by an air elemental for 1 turns
 45699 | Elf:3    | Found Letiw's Book Shop.
 45701 | Elf:3    | Found Totaudd's Armour Boutique.
 45712 | Elf:3    | Bought a scarf of shadows for 180 gold pieces
 46015 | Elf:3    | Found Nomy's Assorted Antiques.
 46167 | Elf:3    | Found a runed translucent gate.
 46167 | Elf:3    | Found a runed translucent gate.
 46167 | Elf:3    | Found a runed translucent gate.
 46167 | Elf:3    | Noticed a tentacled monstrosity
 46167 | Elf:3    | Noticed a tentacled monstrosity
 46168 | Elf:3    | Noticed a tentacled monstrosity
 46170 | Elf:3    | Noticed a tentacled monstrosity
 46484 | Elf:3    | Reached skill level 10 in Evocations
 46773 | Elf:3    | Reached skill level 10 in Stealth
 47727 | Elf:3    | Found Ylothuha's Weapon Shoppe.
 47728 | Elf:3    | Identified the amulet of the King {Fly rElec rC+ Will+
                  | Regen+}
 47950 | Elf:3    | Identified the +4 scale mail of the Ten Wonders {Int+5}
 49045 | Snake:1  | Entered Level 1 of the Snake Pit
 49235 | Snake:1  | Reached skill level 16 in Spellcasting
 49880 | Snake:2  | Noticed Aizul
 49881 | Snake:2  | Reached XP level 21. HP: 155/155 MP: 0/0
 49881 | Snake:2  | Learned a level 7 spell: Ozocubu's Refrigeration
 49883 | Snake:2  | Killed Aizul
 50184 | Snake:2  | Found a runed translucent gate.
 50184 | Snake:2  | Found a runed translucent gate.
 50184 | Snake:2  | Found a runed translucent gate.
 50187 | Snake:2  | Noticed Mimusiah's ghost (adept HOFi)
 50424 | Snake:3  | Noticed Bai Suzhen
 50433 | Snake:3  | Killed Bai Suzhen
 50686 | Snake:3  | Noticed Mlioglotl
 50692 | Snake:3  | Killed Mlioglotl
 50870 | Snake:3  | Reached skill level 17 in Spellcasting
 50968 | Snake:3  | Identified Roxanne's Compendium of Transformation
 50968 | Snake:3  | Noticed Roxanne
 50978 | Snake:3  | Killed Roxanne
 51260 | Snake:4  | Entered Level 4 of the Snake Pit
 51396 | Snake:4  | Reached skill level 15 in Dodging
 51539 | Snake:4  | Found a snail-covered altar of Cheibriados.
 51930 | Snake:4  | Got a serpentine rune of Zot
 52190 | Snake:2  | Killed Mimusiah's ghost
 52191 | Snake:2  | Reached XP level 22. HP: 126/161 MP: 0/0
 52587 | Elf:3    | Reached skill level 18 in Spellcasting
 52633 | Elf:3    | Found a runed translucent gate.
 52634 | Elf:3    | Found a runed translucent gate.
 52635 | Elf:3    | Noticed frimble's ghost (adept TrWr)
 52636 | Elf:3    | Found a runed translucent gate.
 52669 | Elf:3    | Killed frimble's ghost
 52793 | Elf:3    | Identified the +1 pair of gloves of the Blessed Realm
                  | {Str+6}
 53207 | Vaults:1 | Entered Level 1 of the Vaults
 53526 | Orc:1    | Bought a scroll of brand weapon for 280 gold pieces
 53953 | Vaults:1 | Noticed Qanuace's ghost (veteran DsFi)
 53953 | Vaults:1 | Identified the +11 giant club "Niytiyne" {elec, Int+2
                  | Stlth+}
 53954 | Vaults:1 | Found a transporter.
 53958 | Vaults:1 | Found a transporter.
 54062 | Vaults:1 | Noticed Asterion
 54069 | Vaults:1 | Killed Asterion
 54173 | Vaults:1 | Found a transporter.
 54213 | Vaults:1 | Found a transporter.
 55066 | Vaults:1 | Identified the ring of Ezxiajal {rElec rC+ rCorr}
 55088 | Vaults:1 | Identified the ring of Cotyxoweu {rPois rC+ Str+3 Dex-3
                  | Slay+4}
 55429 | Elf:3    | Bought the +5 scale mail of the Northern Lights {Regen+
                  | rCorr Dex+4 SInv} for 813 gold pieces
 57368 | Vaults:2 | Reached XP level 23. HP: 168/168 MP: 0/0
 57368 | Vaults:2 | Learned a level 8 spell: Summon Horrible Things
 57855 | Vaults:3 | Found Ecypost's Weapon Shop.
 57937 | Vaults:3 | Bought the +8 broad axe of Voocveh {antimagic, rPois rC+
                  | rN+ Int+4} for 1573 gold pieces
 58046 | Vaults:3 | You are sucked into a shaft and drop 1 floor!
 58182 | Vaults:3 | Reached skill level 1 in Axes
 58224 | Vaults:3 | Found a staircase to the Crypt.
 58224 | Vaults:3 | Found a basalt altar of Yredelemnul.
 59329 | Vaults:4 | Identified the +1 scale mail "Duschenee" {Harm rElec Str+2}
 60034 | Vaults:4 | Reached skill level 15 in Invocations
 60126 | Vaults:4 | Reached skill level 5 in Axes
 60314 | Crypt:1  | Entered Level 1 of the Crypt
 60428 | Crypt:1  | Noticed a royal mummy
 60441 | Crypt:1  | Noticed Khufu
 60442 | Crypt:1  | Noticed a royal mummy
 60454 | Crypt:1  | Noticed Mara
 60468 | Crypt:1  | Noticed mainiacjoe's illusion
 60548 | Crypt:1  | Reached skill level 19 in Spellcasting
 60549 | Crypt:1  | Reached XP level 24. HP: 123/175 MP: 0/0
 61074 | Crypt:1  | Noticed mainiacjoe's illusion
 61087 | Crypt:1  | Killed Mara
 61322 | Crypt:1  | Identified the ring of Vapnopiz {rPois rCorr Int-2 Stlth+}
 61333 | Crypt:1  | Killed a royal mummy
 61335 | Crypt:1  | Killed a royal mummy
 61344 | Crypt:1  | Killed Khufu
 62123 | Crypt:2  | Acquired a manual of Short Blades
 62224 | Crypt:2  | Identified the +8 great sword "Ciwih" {freeze, rN+}
 62845 | Crypt:2  | Found a runed translucent gate.
 62845 | Crypt:2  | Found a runed translucent gate.
 62845 | Crypt:2  | Found a runed translucent gate.
 62846 | Crypt:2  | Noticed Woadakig's ghost (veteran FoFi)
 62847 | Crypt:2  | Noticed Naexzyxton's ghost (veteran MfWn)
 62847 | Crypt:2  | Noticed a dread lich
 62847 | Crypt:2  | Noticed an ancient lich
 62902 | Crypt:3  | Entered Level 3 of the Crypt
 63632 | Crypt:3  | Noticed a dread lich
 63636 | Crypt:3  | Killed a dread lich
 64165 | Crypt:3  | Reached XP level 25. HP: 155/174 MP: 0/0
 64165 | Crypt:3  | Learned a level 9 spell: Death's Door
 64167 | Crypt:3  | Reached skill level 20 in Spellcasting
 64346 | Crypt:3  | Found a staircase to the Tomb.
 64494 | Crypt:3  | Reached skill level 10 in Axes
 64727 | Crypt:2  | Killed an ancient lich
 64733 | Crypt:2  | Killed Woadakig's ghost
 64737 | Crypt:2  | Killed a dread lich
 64758 | Crypt:2  | Killed Naexzyxton's ghost
 64768 | Crypt:2  | Identified the -5 pair of gloves "Uwniut" {Harm}
 64773 | Crypt:2  | Identified the amulet of the Fool {Faith rPois}
 65107 | Depths:1 | Entered Level 1 of the Depths
 65111 | Depths:1 | Noticed a caustic shrike
 65117 | Depths:1 | Killed a caustic shrike
 65811 | D:15     | Found a staircase to the Depths.
 65934 | Depths:1 | Killed from afar by a tengu reaver

Illustrated notes

Levels and vault maps discovered:
D:1:      minmay_arrival_arboretum_small, layout_basic, minmay_misc_feat_cross,
          minmay_close_crescents
D:2:      layout_rooms, dreamdust_ecumenical_altar_hidden_monk_grotto,
          kennysheep_jessica_study
D:3:      layout_basic, mainiacjoe_overflow_small_starburst
D:4:      layout_cave_pools, mainiacjoe_overflow_alcove_2,
          ebering_ghost_reflecting_pool, minmay_surrounded
D:5:      layout_basic, mainiacjoe_overflow_surrounded_room,
          hangedman_decor_peaks_small, uniq_eustachio, uniq_crazy_yiuf_cottage
D:6:      layout_loops_ring, elyvilon_altar_5, eat_drink_and_be_merry_uskayaw,
          minmay_temple_entry_butterflies, cheibrodos_sewer_entry_drain,
          nicolae_fountain_basement, uniq_edmund
D:7:      layout_loops_ring
D:8:      layout_loops_ring, lemuel_flamethrower_2
D:9:      layout_roguey [special_room_orc], vehumet_statue, erik_lair_dragon,
          lemuel_another_geyser, uniq_maurice
D:10:     layout_stronghold, mainiacjoe_overflow_brackets,
          nicolae_kikubaaqudgha_miasma_corner, grunt_temple_overflow_open,
          orc_0_dummy, kennysheep_generic_room_2, uniq_psyche, uniq_harold
D:11:     layout_rooms, doesnt_xom_only_xom, uniq_josephine, uniq_nergalle,
          uniq_grum
D:12:     layout_loops_ring, hangedman_decor_push, chequers_arboretum,
          nicolae_ru_path_of_blood
D:13:     layout_cave_pools, erik_vaults_1, nrook_pool_corridor, uniq_rupert
D:14:     layout_big_octagon, minmay_misc_feat_enclosed, uniq_snorg
D:15:     gammafunk_enter_depths_forms, layout_rooms, special_room
          [special_room_bee], uniq_kirke
Temple:   jpeg_temple_island
Lair:1:   layout_misc_corridors, serial_bayou_shore_a
Lair:2:   lemuel_reptile_caves, layout_cave_pods, minmay_swamp_entry_swarm,
          minmay_snake_entry_six_corridors, basic_altar,
          chequers_serial_rivers_room_b
Lair:3:   layout_chaotic_city
Lair:4:   layout_regular_city, basic_altar, grunt_forest_stairs_clearing,
          lemuel_fruit_tree, lemuel_fruit_fields
Lair:5:   layout_long_grid, slime_altar_1, st_stairs_7, lemuel_fruit_fields,
          grunt_megastairs_3
Lair:6:   hellmonk_lair_end_abyssal_woods, layout_gridlike, enter_volcano_3
Swamp:1:  nicolae_swamp_wrong_neighborhood, layout_basic_swamp,
          evilmike_swamp_ruin_rubble_2, infiniplex_staircase_pool
Swamp:2:  layout_falls_marsh, ebering_ghost_disaster_area,
          nicolae_swamp_ascending_descending, swamp_pool4
Swamp:3:  layout_basic_swamp, nicolae_swamp_orc_logging_accident
Swamp:4:  grunt_swamp_rune_castle, layout_basic_swamp, swamp_pool1,
          nicolae_swamp_bloodsuckers_inc
Snake:1:  layout_rooms, nicolae_snake_salamander_jacuzzi
Snake:2:  layout_misc_corridors, gammafunk_ghost_necromancy,
          nicolae_snake_mages_go_home, uniq_aizul
Snake:3:  layout_cave_town, uniq_mlioglotl, uniq_bai_suzhen, uniq_roxanne
Snake:4:  snake_pit_salamanders_mu, layout_rooms, basic_altar
Orc:1:    layout_caves, portal_ice_cave_entry_ice_simulacra,
          ebering_ghost_gozag, serial_shops, nicolae_shop_advertising_works
          [nicolae_subvault_shop_adworks], kennysheep_orc_sif_temple
Orc:2:    pf_orc_diabolical, layout_caves, serial_shops, nicolae_shop_stone,
          uniq_azrael
Elf:1:    minmay_elf_arrival_summoners, layout_loops_corners,
          minmay_elf_crystal_hexagon, uniq_louise
Elf:2:    elven_hall_of_blades_hangedman_original
          [nicolae_blade_entry_sentries_behind_glass], layout_gridlike
Elf:3:    minmay_elf_hall_x, layout_geoelf_diagonals, serial_shops,
          nicolae_shop_waterfront, nicolae_shop_stone, shop, shop_statue, shop,
          ploomutoo_gammafunk_ghost_potion_laboratory
Vaults:1: gammafunk_ghost_smash, gammafunk_dig_for_victory,
          nicolae_vaults_little_squares_2, v_misc_30, vaults_dpeg_spiral,
          v_pattern_1, ontoclasm_vaults_idyll, nicolae_vaults_specimen_jars,
          nicolae_vaults_sealed_display, layout_vaults_omnicross, uniq_asterion
Vaults:2: v_misc_19, vaults_room_hallway, nicolae_vaults_little_squares_4,
          v_misc_18, v_misc_22, vaults_room_door_hall, ontoclasm_vaults_twist,
          hangedman_vaults_impose, hangedman_vaults_nails, grunt_vaults_focal,
          st_spiral_rooms, layout_vaults_maze
Vaults:3: minmay_crypt_entry_necro_gods, vaults_room_door_hall,
          vaults_dpeg_doors, st_eye, ontoclasm_vaults_loading_screen,
          vaults_dpeg_ring, layout_vaults_quadrants, serial_shops, shop
Vaults:4: nicolae_vaults_little_squares_6, v_misc_12, ontoclasm_vaults_gallery,
          dpeg_vaults_monster_box, nicolae_vaults_hallways_thing, v_misc_14,
          nicolae_vaults_inception_scallops, hangedman_vaults_corner,
          nicolae_vaults_network_periphery, v_misc_28, v_misc_23,
          nicolae_vaults_ring_of_whatevers, vaults_dpeg_encased_lava,
          layout_vaults_omnibox
Crypt:1:  layout_basic, grunt_crypt_arrival_split, grunt_megastairs_5,
          uniq_mara, uniq_khufu
Crypt:2:  layout_chaotic_city, gammafunk_ghost_crypt
Crypt:3:  cryptofortress_bobbens
Depths:1: layout_gridlike, hell_entry, serial_shops, shop,
          nicolae_shop_waterfront, rand_demon_pan_entry_1, abyss_entry,
          minivault_16, grunt_decor_junction, evilmike_ambush
          [evilmike_ambush_outer_corners, evilmike_ambush_inner_wall_2]

Skill      XL: |  1  2  3  4  5  6  7  8  9 10 11 12 13 14 15 16 17 18 19 20 21 22 23 24 25 |
---------------+----------------------------------------------------------------------------+-----
Stealth        | 2 3 4 6 8 10 | 10.0
Spellcasting   | 3 4 5 6 7 8 9 10 12 13 15 16 17 18 19 20 | 20.0
Dodging        | 3 4 5 6 7 8 10 12 13 15 16 | 16.0
Fighting       | 1 4 11 12 13 15 | 15.9
Invocations    | 8 10 11 13 15 | 15.0
Evocations     | 4 7 9 10 | 10.0
Short Blades   | 6 8 |  8.3
Shields        | 8 13 15 | 15.0
Axes           | 5 9 12 | 12.1

Action                   |  1- 3 |  4- 6 |  7- 9 | 10-12 | 13-15 | 16-18 | 19-21 | 22-24 | 25-27 || total
-------------------------+-------+-------+-------+-------+-------+-------+-------+-------+-------++-------
Melee: Rapier            |       |     9 |       |       |       |       |       |       |       ||     9
       Dire flail        |       |     1 |     6 |    19 |    10 |       |       |       |       ||    36
       Dagger            |       |       |     1 |       |     1 |    25 |    14 |       |       ||    41
       Quick blade       |       |       |       |       |    36 |   364 |   358 |  1087 |    51 ||  1896
       Staff             |       |       |       |       |     6 |       |     5 |       |       ||    11
       Broad axe         |       |       |       |       |       |       |       |       |     4 ||     4
 Fire: Hunting sling     |    98 |    43 |       |       |       |       |       |       |       ||   141
Throw: Stone             |       |    22 |     5 |       |       |       |       |       |       ||    27
       Dart              |       |       |    10 |       |    58 |       |       |       |       ||    68
       Boomerang         |       |       |       |       |    10 |    80 |    35 |    22 |       ||   147
 Cast: Shock             |    26 |    63 |   142 |    85 |   191 |    64 |       |       |       ||   571
       Static Discharge  |     1 |    18 |    18 |    27 |   103 |    45 |       |       |       ||   212
       Summon Small Mamm |     1 |       |       |       |       |       |       |       |       ||     1
       Ensorcelled Hiber |       |     2 |     2 |       |       |    39 |     3 |       |       ||    46
       Airstrike         |       |       |    41 |    78 |   190 |   267 |    67 |     5 |       ||   648
       Swiftness         |       |       |     1 |       |       |     1 |       |       |       ||     2
       Cause Fear        |       |       |     4 |     4 |     2 |       |       |       |       ||    10
       Freezing Cloud    |       |       |       |       |    74 |    89 |   114 |     8 |       ||   285
       Agony             |       |       |       |       |     6 |     3 |     2 |       |       ||    11
       Iron Shot         |       |       |       |       |    65 |   325 |   253 |   336 |    64 ||  1043
       Lesser Beckoning  |       |       |       |       |     1 |     8 |     2 |     1 |     1 ||    13
       Statue Form       |       |       |       |       |       |       |    31 |    13 |     4 ||    48
       Storm Form        |       |       |       |       |       |       |     1 |       |       ||     1
       Ozocubu's Refrige |       |       |       |       |       |       |    64 |   133 |    16 ||   213
       Summon Horrible T |       |       |       |       |       |       |       |     2 |     2 ||     4
Invok: Minor Destruction |       |       |       |       |     2 |       |       |       |       ||     2
       Lesser Servant of |       |       |       |       |       |     2 |     2 |       |       ||     4
       Major Destruction |       |       |       |       |       |     3 |     2 |       |       ||     5
 Abil: End Transformatio |       |       |       |       |       |       |     1 |     1 |       ||     2
Evoke: Wand              |       |       |       |     3 |       |       |     1 |     7 |       ||    11
       Condenser vane    |       |       |       |       |     1 |       |       |     2 |     1 ||     4
       Tin of tremorston |       |       |       |       |       |     1 |     2 |     2 |       ||     5
       Lightning rod     |       |       |       |       |       |       |       |     2 |       ||     2
       Box of beasts     |       |       |       |       |       |       |       |       |     1 ||     1
  Use: Scroll            |       |     4 |     3 |     6 |    14 |    10 |     3 |     8 |     4 ||    52
       Potion            |       |       |       |     2 |     1 |       |       |     1 |     1 ||     5
 Stab: Sleeping          |       |     1 |     1 |       |     1 |    26 |     8 |    13 |       ||    50
Armor: Robe              |     7 |    18 |     5 |       |    16 |    21 |       |       |       ||    67
       Steam dragon scal |       |       |       |    12 |    10 |       |       |       |       ||    22
       Troll leather arm |       |       |       |       |       |    35 |    12 |     5 |       ||    52
       Skin              |       |       |       |       |       |       |    65 |    20 |    61 ||   146
       Scale mail        |       |       |       |       |       |       |       |    66 |     1 ||    67
Dodge: Dodged            |    24 |    61 |    43 |    56 |   136 |   204 |   194 |   308 |   114 ||  1140
Block: Other             |       |       |     5 |    15 |    38 |       |       |       |       ||    58
       Reflection        |       |       |     2 |     2 |       |    36 |    77 |    44 |       ||   161
       Buckler           |       |       |       |       |       |   142 |       |       |       ||   142
       Kite shield       |       |       |       |       |       |   162 |   374 |   666 |   144 ||  1346

Table legend: (Time is in decaauts)
 A = Elapsed time spent in this place.
 B = Non-inter-level travel time spent in this place.
 C = Inter-level travel time spent in this place.
 D = Time resting spent in this place.
 E = Time spent auto-exploring this place.
 F = Levels seen in this place.
 G = Mean time per level.
                   A        B        C        D        E       F      G
               +--------+--------+--------+--------+--------+-----+--------+
         Total |  65753 |  58675 |   7078 |  12156 |  35190 |  46 | 1429.4 |
       Dungeon |  23028 |  20471 |   2557 |   4552 |  13096 |  15 | 1535.2 |
        Temple |     70 |     59 |     11 |      0 |     55 |   1 |   70.0 |
          Lair |  10364 |   9395 |    969 |   1307 |   6750 |   6 | 1727.3 |
         Swamp |   3736 |   3211 |    525 |    425 |   1899 |   4 |  934.0 |
     Snake Pit |   3350 |   3193 |    157 |    230 |   2165 |   4 |  837.5 |
  Orcish Mines |   4907 |   4353 |    554 |   1710 |   1783 |   2 | 2453.5 |
   Elven Halls |   7011 |   5851 |   1160 |   1762 |   2688 |   3 | 2337.0 |
        Vaults |   5558 |   4690 |    868 |    277 |   3339 |   4 | 1389.5 |
         Crypt |   4488 |   4217 |    271 |    692 |   2277 |   3 | 1496.0 |
        Depths |    142 |    140 |      2 |      0 |     47 |   1 |  142.0 |
         Sewer |    542 |    542 |      0 |     27 |    405 |   1 |  542.0 |
      Ice Cave |   1217 |   1217 |      0 |    476 |    477 |   1 | 1217.0 |
       Volcano |   1334 |   1334 |      0 |    697 |    208 |   1 | 1334.0 |
               +--------+--------+--------+--------+--------+-----+--------+

Top non-repeatable levels by time:
     D:9: 3740 daAuts
   Elf:3: 3496 daAuts
   Orc:2: 3212 daAuts
  Lair:6: 2179 daAuts
  Lair:2: 2125 daAuts
   Elf:1: 1979 daAuts
     D:5: 1953 daAuts
     D:3: 1923 daAuts
Vaults:1: 1834 daAuts
  Lair:1: 1790 daAuts
    D:12: 1697 daAuts
   Orc:1: 1694 daAuts
  Lair:5: 1652 daAuts
    D:15: 1642 daAuts
 Crypt:1: 1626 daAuts
